 Dungeon Crawl Stone Soup version 0.21.0-24-g2553a33 (webtiles) character file.

2368 HammerPanzer the Basher (level 9, -1/83 HPs)
             Began as a Minotaur Berserker on Jan 19, 2018.
             Was an Elder of Trog.
             Slain by an orc warrior
             ... wielding a +0 battleaxe
              (4 damage)
             ... on level 6 of the Dungeon.
             The game lasted 00:17:19 (5325 turns).

HammerPanzer the Basher (Minotaur Berserker)        Turns: 5325, Time: 00:17:20

Health: -1/83      AC:  8    Str: 22    XL:     9   Next: 21%
Magic:  8/8        EV:  3    Int:  6    God:    Trog [****..]
Gold:   220        SH:  0    Dex: 11    Spells: 8/8 levels left

rFire    + . .     SeeInvis .   r - +0 mace (holy)
rCold    x . .     Gourm    +   t - +0 large shield
rNeg     . . .     Faith    .   f - +0 chain mail
rPois    .         Spirit   .   (helmet restricted)
rElec    .         Reflect  .   (no cloak)
rCorr    .         Harm     .   (no gloves)
MR       .....                  (no boots)
Stlth    ..........             C - amulet of the gourmand
HPRegen  0.23/turn              u - ring of fire
MPRegen  0.11/turn              (no ring)

@: confused, berserk cooldown
A: retaliatory headbutt, horns 2
a: Berserk, Trog's Hand, Brothers in Arms, Burn Spellbooks, Renounce Religion


You were on level 6 of the Dungeon.
You worshipped Trog.
Trog was greatly pleased with you.
You were very full.

You visited 1 branch of the dungeon, and saw 7 of its levels.
You also visited: Ossuary.

You collected 220 gold pieces.

Inventory:

Hand Weapons
 r - a +0 mace of holy wrath (weapon)
Missiles
 D - 5 javelins (quivered)
Armour
 f - a +0 chain mail (worn)
 t - a +0 large shield (worn)
Jewellery
 u - a ring of fire (left hand)
 C - an amulet of the gourmand (around neck)
 E - an uncursed ring of protection from cold {unknown}
 F - a cursed ring of teleportation {unknown}
Wands
 o - a wand of random effects (25)
 G - a wand of paralysis (6)
 J - a wand of polymorph (9)
Scrolls
 a - 2 scrolls of immolation {unknown}
 b - 2 scrolls of amnesia {unknown}
 e - 2 scrolls of magic mapping {unknown}
 k - a scroll of enchant armour {unknown}
 l - 2 scrolls of teleportation {unknown}
 p - 3 scrolls of fog {unknown}
 w - 7 scrolls of identify {unknown}
 x - a scroll of random uselessness {unknown}
 y - 2 scrolls of remove curse {unknown}
 B - 3 scrolls of noise {unknown}
 H - a scroll of enchant weapon {unknown}
Potions
 d - a potion of experience {unknown}
 g - a potion of magic {unknown}
 h - 2 potions of haste {unknown}
 i - 2 potions of flight {unknown}
 j - a potion of cancellation {unknown}
 m - 2 potions of degeneration {unknown}
 n - a potion of lignification {unknown}
 q - 7 potions of heal wounds {unknown}
 s - 2 potions of berserk rage {unknown}
 v - 3 potions of curing {unknown}
 z - 2 potions of agility {unknown}
 A - a potion of resistance {unknown}
Comestibles
 c - 8 rations
 I - a chunk of flesh


   Skills:
 + Level 9.3 Fighting
 * Level 12.3 Maces & Flails
   Level 0.2 Polearms
 - Level 2.4 Armour
 - Level 2.1 Dodging


You had 8 spell levels left.
You didn't know any spells.

Dungeon Overview and Level Annotations

Branches:
Dungeon (7/15)             Temple (0/1) D:4

Altars:
Fedhas
Gozag
Okawaru
Sif Muna
Xom
The Shining One


Innate Abilities, Weirdness & Mutations

You reflexively headbutt those who attack you in melee.
You have a pair of horns on your head.


Message History

* * * LOW HITPOINT WARNING * * *
You feel less confused.
The centaur shoots an arrow.
The arrow hits you!
* * * LOW HITPOINT WARNING * * *
The orc hits you but does no damage. You block the orc warrior's attack.
You hear some strange, mumbled words.
You are confused.
The centaur shoots an arrow.
The arrow hits you.
* * * LOW HITPOINT WARNING * * *
The orc hits you but does no damage.
The centaur shoots an arrow.
The arrow completely misses you.
You climb upwards.
There is a stone staircase leading down here.
You bump into the rock wall.
The orc hits you but does no damage.
You hear some strange, mumbled words.
A magic dart appears from out of thin air!
The magic dart hits you!
* * * LOW HITPOINT WARNING * * *
The orc warrior hits you with a battleaxe.
You die...

..## #.....##.##........(..###
.## ##....##.##..........##.. .#
#.......##..........#... .##
##.....####..........#... ..#
#......# #.............. ..###
#.#....# ##............. ....#
#.#.().# ##......#.#... ....##
#.#..#.######..#####.##.# #....#
###>##.o@{.##..# #.##.#
.....####......o##.....### #.#...
##.....##..........#.....###.....
##....###........#.............<.
...............#..#.#........>...
......#....####..<......###.....#
......#....###..##..#............
......#........#............##.##
......#....#####.#.#....######.#


You could see an orc warrior and an orc.

Vanquished Creatures
  The ghost of loralnil the Skirmisher, a novice GrFi of the Shining One (D:5)
  The ghost of othur the Skirmisher, an amateur CeFi (D:6)
  The ghost of Amon001 the Skirmisher, an amateur GnAK of Lugonu (D:4)
  Grinder (D:6)
  Sigmund (D:6)
  2 sky beasts
  An ogre (D:7)
  A big kobold (D:7)
  A bullfrog (D:6)
  5 water moccasin zombies (Ossuary)
  A scorpion (D:6)
  2 crimson imps
  2 hounds (D:5)
  An orc priest (D:4)
  An orc wizard (D:6)
  A centaur skeleton (D:4)
  4 worker ants
  A big kobold zombie (Ossuary)
  A hound zombie (D:6)
  3 mummies
  A hound skeleton (D:4)
  3 gnolls (D:4)
  6 adders
  An ooze (D:4)
  4 adder zombies
  5 worms
  A leopard gecko (D:2)
  14 orcs
  14 bats
  6 giant cockroaches
  11 goblins
  2 hobgoblins
  8 jackals
  12 kobolds
  4 quokkas
  6 frilled lizards
  A gnoll zombie (Ossuary)
  8 hobgoblin zombies (Ossuary)
  6 kobold zombies (Ossuary)
  3 orc zombies (Ossuary)
  A quokka skeleton (D:5)
  6 rats
155 creatures vanquished.

Notes
Turn   | Place    | Note
-------+----------+-------------------------------------------
     0 | D:1      | HammerPanzer the Minotaur Berserker began the quest for the Orb.
     0 | D:1      | Reached XP level 1. HP: 19/19 MP: 0/0
   232 | D:1      | Reached skill level 4 in Maces & Flails
   252 | D:1      | Reached XP level 2. HP: 27/27 MP: 1/1
   766 | D:2      | Found a deep blue altar of Sif Muna.
   860 | D:2      | Reached ** piety under Trog
   860 | D:2      | Reached XP level 3. HP: 32/33 MP: 2/2
   928 | D:2      | Reached skill level 5 in Maces & Flails
   935 | D:2      | Found a shimmering altar of Xom.
  1535 | D:3      | Reached XP level 4. HP: 41/41 MP: 3/3
  1587 | D:3      | Found a deep blue altar of Sif Muna.
  2267 | D:4      | Reached *** piety under Trog
  2298 | D:4      | Found a sand-covered staircase.
  2306 | Ossuary  | Entered an ossuary
  2495 | Ossuary  | Reached skill level 6 in Maces & Flails
  2502 | Ossuary  | Reached skill level 5 in Fighting
  2502 | Ossuary  | Reached XP level 5. HP: 43/48 MP: 4/4
  2526 | Ossuary  | Reached skill level 7 in Maces & Flails
  2526 | Ossuary  | Reached XP level 6. HP: 41/56 MP: 5/5
  2811 | D:4      | Reached skill level 8 in Maces & Flails
  2816 | D:4      | Reached **** piety under Trog
  2826 | D:4      | Reached XP level 7. HP: 58/63 MP: 6/6
  3053 | D:4      | Found a staircase to the Ecumenical Temple.
  3322 | D:4      | Noticed Amon001's ghost (amateur GnAK)
  3329 | D:4      | Killed Amon001's ghost
  3329 | D:4      | Reached skill level 9 in Maces & Flails
  3827 | D:5      | Entered Level 5 of the Dungeon
  3982 | D:5      | Reached XP level 8. HP: 73/73 MP: 7/7
  4111 | D:5      | Found an iron altar of Okawaru.
  4121 | D:5      | Noticed loralnil's ghost (novice GrFi)
  4137 | D:5      | Killed loralnil's ghost
  4137 | D:5      | Reached skill level 10 in Maces & Flails
  4296 | D:5      | Found an opulent altar of Gozag.
  4484 | D:6      | Noticed Sigmund
  4494 | D:6      | Killed Sigmund
  4495 | D:6      | Noticed othur's ghost (amateur CeFi)
  4517 | D:6      | Noticed Grinder
  4780 | D:6      | Reached skill level 11 in Maces & Flails
  4786 | D:6      | Killed othur's ghost
  4789 | D:6      | Paralysed by Grinder for 3 turns
  4906 | D:6      | Killed Grinder
  4906 | D:6      | Reached skill level 12 in Maces & Flails
  4906 | D:6      | Reached XP level 9. HP: 76/83 MP: 8/8
  5111 | D:6      | Found a glowing golden altar of the Shining One.
  5192 | D:6      | Found a blossoming altar of Fedhas.
  5325 | D:6      | HP: 3/83 [something/magic dart (3)]
  5325 | D:6      | Slain by an orc warrior

Skill      XL: |  1  2  3  4  5  6  7  8 |
---------------+-------------------------+-----
Maces & Flails | 4 5 6 7 8 9 12 | 12.3
Fighting       | 4 5 6 7 9 |  9.3
Polearms       | |  0.2
Armour         | |  2.4
Dodging        | |  2.1

Action                   |  1- 3 |  4- 6 |  7- 9 || total
-------------------------+-------+-------+-------++-------
Melee: Mace              |    89 |   146 |   188 ||   423
       Headbutt          |    14 |    32 |    43 ||    89
Throw: Javelin           |       |       |     2 ||     2
Invok: Berserk           |       |     2 |     7 ||     9
       Burn Spellbooks   |       |       |     1 ||     1
 Stab: Sleeping          |     1 |       |       ||     1
       Distracted        |       |     1 |       ||     1
  Eat: Chunk             |     2 |     1 |    24 ||    27
       Ration            |       |     1 |     1 ||     2
Armor: Animal skin       |    16 |       |       ||    16
       Chain mail        |     5 |    47 |   124 ||   176
Dodge: Dodged            |    79 |    11 |    36 ||   126
Block: Large shield      |       |    75 |   130 ||   205
